 Dungeon Crawl Stone Soup version 0.29.1-12-g30fa7ad0bf (webtiles) character file.

Game seed: 7276708994485830785

15530 cdecastro the Unseen (level 12, -6/65 HPs)
             Began as a Vine Stalker Enchanter on Jan 17, 2023.
             Was a Priest of Wu Jian.
             Mangled by a skeletal warrior
             ... wielding a +0 vorpal hand axe
              (19 damage)
             ... on level 12 of the Dungeon on Jan 18, 2023.
             The game lasted 01:02:14 (14967 turns).

cdecastro the Unseen (Vine Stalker Enchanter)      Turns: 14967, Time: 01:02:15

Health: -6/65      AC:  8    Str: 24    XL:     12   Next: 28%
Magic:  0/16       EV: 27    Int: 17    God:    Wu Jian [***...]
Gold:   303        SH:  0    Dex: 15    Spells: 4/15 levels left

rFire   . . .      SeeInvis .   a - +4 dagger of Reucue {venom, Str+4}
rCold   . . .      Faith    .   (no shield)
rNeg    . . .      Spirit   +   b - +2 steam dragon scales
rPois   +          Reflect  .   (no helmet)
rElec   .          Harm     .   Y - scarf {shadows}
rCorr   .          Rampage  .   h - +0 pair of gloves
Will    +....                   (no boots)
Stlth   ++++++....              k - amulet of the acrobat
HPRegen 1.00/turn               l - +6 ring of strength
MPRegen 0.15/turn               T - ring of poison resistance

@: confusing by touch, acrobatic
A: fangs 3, regeneration 1, magic shield, antimagic bite, no potion heal 2
a: Renounce Religion, Wall Jump, Serpent's Lash


You were on level 12 of the Dungeon.
You worshipped Wu Jian.
Wu Jian was most pleased with you.
You visited 2 branches of the dungeon, and saw 13 of its levels.
You also visited: Sewer and Bailey.

You collected 775 gold pieces.
You spent 472 gold pieces at shops.

Inventory:

Hand Weapons
 a - the +4 dagger of Reucue (weapon) {venom, Str+4}
   (You bought it in a shop on level 3 of the Dungeon)

   It poisons the flesh of those it strikes.
   Str:       It affects your strength (+4).
 H - a +3 scimitar
 V - the +5 dagger of Equivalence {venom, *Slow rElec Int+2 Dex+6}
   (You found it on level 7 of the Dungeon)

   It poisons the flesh of those it strikes.
   Int:       It affects your intelligence (+2).
   Dex:       It affects your dexterity (+6).
   rElec:     It insulates you from electricity.
   *Slow:     It may slow you when you take damage.
Missiles
 j - 28 poisoned darts (quivered)
 o - 4 javelins
 v - 7 curare-tipped darts
 E - 10 boomerangs
Armour
 b - +2 steam dragon scales (worn)
 h - a +0 pair of gloves (worn)
 O - a +0 troll leather armour {Pargi}
 Y - a scarf of shadows (worn)
Jewellery
 k - an amulet of the acrobat (around neck)
 l - a +6 ring of strength (left hand)
 t - an amulet of regeneration
 R - an amulet of magic regeneration
 S - a ring of magical power
 T - a ring of poison resistance (right hand)
Wands
 s - a wand of flame (40)
 B - a wand of paralysis (4)
 D - a wand of iceblast (30)
 W - a wand of quicksilver (6)
 X - a wand of polymorph (8)
Scrolls
 e - 11 scrolls of identify
 f - a scroll of torment {unknown}
 i - 2 scrolls of brand weapon {unknown}
 p - 2 scrolls of vulnerability {unknown}
 q - 4 scrolls of fear {unknown}
 r - 11 scrolls of teleportation
 w - 3 scrolls of butterflies {unknown}
 y - 4 scrolls of acquirement {unknown}
 A - 2 scrolls of magic mapping {unknown}
 F - a scroll of silence {unknown}
 G - 2 scrolls of summoning {unknown}
 I - a scroll of amnesia {unknown}
 K - 2 scrolls of poison {unknown}
 M - 6 scrolls of enchant weapon {unknown}
 N - a scroll of immolation {unknown}
 Q - 2 scrolls of blinking {unknown}
 Z - a scroll of enchant armour {unknown}
Potions
 c - 2 potions of curing
 d - 2 potions of attraction
 g - 4 potions of flight
 m - 2 potions of resistance
 n - 4 potions of ambrosia {unknown}
 u - 4 potions of lignification
 x - 3 potions of haste
 z - 3 potions of brilliance {unknown}
 C - 4 potions of mutation {unknown}
 J - 3 potions of heal wounds {unknown}
 L - 2 potions of magic {unknown}
 P - 2 potions of might
 U - a potion of cancellation {unknown}


   Skills:
 * Level 8.6 Fighting
 - Level 10.1 Short Blades
 - Level 1.5 Dodging
 + Level 15.0 Stealth
 - Level 2.1 Spellcasting
 - Level 8.0 Hexes


You had 4 spell levels left.
You knew the following spells:

 Your Spells              Type           Power      Damage    Failure   Level
a - Ensorcelled Hibernat  Hex/Ice        30%        N/A       5%          2
b - Confusing Touch       Hex            29%        N/A       2%          3
c - Tukima's Dance        Hex            29%        N/A       2%          3
d - Dazzling Flash        Conj/Hex       30%        N/A       11%         3

Your spell library contained the following spells:

 Spells                   Type           Power      Damage    Failure   Level
 Slow                     Hex            100%       N/A       1%          1
 Summon Guardian Golem    Hex/Summ       15%        N/A       11%         3
 Summon Small Mammal      Summ           4%         N/A       19%         1
 Static Discharge         Conj/Air       1%         3-4/arc   28%         2
 Leda's Liquefaction      Hex/Erth       7%         N/A       36%         4
 Call Canine Familiar     Summ           1%         N/A       50%         3
 Vampiric Draining        Necr           1%         2d6       50%         3
 Dispel Undead            Necr           1%         3d6       88%         4
 Petrify                  Tmut/Erth      1%         N/A       88%         4
 Sticky Flame             Conj/Fire      1%         2d3       88%         4
 Metabolic Englaciation   Hex/Ice        7%         N/A       71%         5
 Lee's Rapid Deconstruct  Erth           0%         3d5*      99%         5
 Statue Form              Tmut/Erth      0%         N/A       100%        6
 Orb of Destruction       Conj           0%         9d5       100%        7
 Spellforged Servitor     Conj/Summ      0%         N/A       100%        7


Dungeon Overview and Level Annotations

Branches:
Dungeon (12/15)            Temple (1/1) D:6            Lair (0/5) D:10
    Orc (0/2) D:9           Sewer (visited)          Bailey (visited)

Altars:
Ashenzari
Cheibriados
Dithmenos
Elyvilon
Fedhas
Gozag
Hepliaklqana
Kikubaaqudgha
Makhleb
Nemelex Xobeh
Okawaru
Qazlal
Ru
Sif Muna
Trog
Uskayaw
Vehumet
Wu Jian
Xom
Yredelemnul
Zin
The Shining One

Shops:
D:1 [!?   D:3 (   D:10 [

Annotations:
D:4 2 transporters, exclusion: downstairs
D:5 not done, yaks
D:7 exclusion: killer bee
D:10 exclusion: ice statue


Innate Abilities, Weirdness & Mutations

You have razor-sharp teeth.
Your natural rate of healing is unusually fast.
When hurt, damage is shared between your health and your magic reserves.
Your bite disrupts and absorbs the magic of your enemies.
Potions cannot restore your health.


Message History

The orc barely misses you.
The skeletal warrior hits you with a +0 vorpal hand axe!!
* * * LOW HITPOINT WARNING * * *
You hit the skeletal warrior but do no damage.
You punch the skeletal warrior, but do no damage.
You bite the skeletal warrior. You drain its power.
You feel invigorated.
The skeletal warrior is moderately damaged.
The orc is no longer blind.
You closely miss the skeletal warrior.
You bite the skeletal warrior, but do no damage.
The skeletal warrior is moderately damaged.
The orc hits you with a +0 dagger.
The skeletal warrior hits you with a +0 vorpal hand axe!
* * * LOW HITPOINT WARNING * * *
x2 You hit the skeletal warrior but do no damage.
You bite the skeletal warrior, but do no damage.
The skeletal warrior is moderately damaged.
Press: ? - help, v - describe, . - travel
Here: a skeletal warrior, wielding a +0 vorpal hand axe and wearing a +0 leather armour (moderately damaged, chance to confuse on hit: 4%)
The floor.
Unknown command.
Press: ? - help, v - describe, . - travel
Here: a skeletal warrior, wielding a +0 vorpal hand axe and wearing a +0 leather armour (moderately damaged, chance to confuse on hit: 4%)
The floor.
Unknown command.
Okay, then.
Unknown command.
The skeletal warrior attacks as you move away!
The skeletal warrior closely misses you.
The orc attacks as you move away! The orc misses you.
Unknown command.
Aiming: Wall Jump
Press: ? - help, Dir - move target Please select an adjacent position to wall jump against.
Okay, then.
Unknown command.
Unknown command.
The skeletal warrior attacks as you move away!
The skeletal warrior hits you with a +0 vorpal hand axe!!
You die...

#..... #. +..... ...
#.##.#..... .... ##
#..##.#..... .... .#...
#.#..... ..... #..#
#.......
#.$..#####.#####....#..
.......o))...)......#..
......@z.....).........
#######################


You could see a skeletal warrior and an orc.

Vanquished Creatures
  A boulder beetle (D:11)
  2 vault guards (Bailey)
  A hydra (D:11)
  3 two-headed ogres
  Pikel (D:7)
  An ugly thing (D:11)
  A cyclops (D:12)
  A manticore (D:11)
  Maggie (D:8)
  3 trolls
  Prince Ribbit (Bailey)
  A hornet (D:10)
  A shadow (D:12)
  20 yaks
  A human (Bailey)
  A wraith (D:11)
  3 wyverns
  Menkaure (D:6)
  A dancing weapon (Bailey)
  2 acid dragons
  4 water moccasins
  Duvessa (D:7)
  A sky beast (D:7)
  An ice beast (D:8)
  2 black bears (D:6)
  Pargi (Sewer)
  3 orc warriors
  A centaur (D:5)
  3 lemures (D:6)
  3 kobold brigands
  11 bullfrogs
  A necrophage (D:4)
  2 scorpions
  3 gnoll sergeants
  6 wights
  Dowan (D:7)
  6 killer bees (D:10)
  3 howler monkeys
  2 orc priests
  A jelly (D:5)
  2 gnoll boudas
  3 hounds
  2 iguanas
  9 orc wizards
  34 gnolls
  7 adders
  A shadow imp (D:5)
  A white imp (D:7)
  An ufetubus (D:5)
  2 worms
  A dart slug (D:2)
  41 orcs
  4 ball pythons
  11 endoplasms
  7 giant cockroaches
  7 hobgoblins
  4 jackals (D:2)
  9 quokkas
  6 bats
  6 frilled lizards
  10 goblins
  24 kobolds
  11 rats
306 creatures vanquished.

Vanquished Creatures (collateral kills)
  3 orcs (D:8)
3 creatures vanquished.

Vanquished Creatures (others)
  2 orc wizards
  2 orcs
  3 plants (D:10)
7 creatures vanquished.

Grand Total: 316 creatures vanquished

Notes
Turn   | Place    | Note
-------+----------+-------------------------------------------
     0 | D:1      | cdecastro the Vine Stalker Enchanter began the quest for
                  | the Orb.
     0 | D:1      | Reached XP level 1. HP: 9/9 MP: 4/4
   341 | D:1      | Reached XP level 2. HP: 11/13 MP: 6/6
   363 | D:1      | Reached skill level 4 in Stealth
   448 | D:1      | Learned a level 2 spell: Ensorcelled Hibernation
   465 | D:1      | Found Yluon's Distillery.
   519 | D:1      | Bought a potion of curing for 36 gold pieces
   539 | D:1      | Found Replirik's Magic Scroll Boutique.
   607 | D:1      | Reached XP level 3. HP: 10/16 MP: 5/7
   856 | D:1      | You fall into a shaft and drop 1 floor!
   914 | D:1      | Found Ruergh's Antique Armour Shop.
  1168 | D:1      | Bought a scroll of teleportation for 36 gold pieces
  1676 | D:2      | Found a faded altar of an unknown god.
  1862 | D:2      | Gained mutation: Your natural rate of healing is unusually
                  | fast. [Vine Stalker growth]
  1862 | D:2      | Reached XP level 4. HP: 21/21 MP: 8/8
  2190 | D:2      | Learned a level 3 spell: Confusing Touch
  2201 | D:3      | Found Coguemne's Antique Weapon Boutique.
  2672 | D:3      | Identified the +5 mace "Murmur" {freeze, rN+}
  2849 | D:4      | Found a radiant altar of Vehumet.
  2905 | D:4      | Noticed a necrophage
  2922 | D:4      | Found a transporter.
  2926 | D:4      | Noticed a small abomination
  2930 | D:4      | Noticed a small abomination
  2995 | D:4      | Reached skill level 5 in Stealth
  2995 | D:4      | Reached skill level 5 in Hexes
  2995 | D:4      | Reached XP level 5. HP: 20/24 MP: 1/9
  3293 | D:4      | Found a transporter.
  3774 | D:4      | Reached XP level 6. HP: 26/28 MP: 8/10
  4070 | D:4      | Reached skill level 6 in Stealth
  4351 | D:5      | Entered Level 5 of the Dungeon
  4351 | D:5      | Noticed a yak
  4351 | D:5      | Noticed a yak
  4351 | D:5      | Noticed a yak
  4351 | D:5      | Noticed a yak
  4351 | D:5      | Noticed a yak
  4464 | D:5      | Reached XP level 7. HP: 32/32 MP: 3/11
  4667 | D:5      | Found a glowing drain.
  4694 | Sewer    | Entered a sewer
  4734 | Sewer    | Noticed Pargi
  4738 | Sewer    | Killed Pargi
  5457 | D:5      | Reached skill level 7 in Stealth
  6325 | D:5      | Gained mutation: You have razor-sharp teeth. [Vine Stalker
                  | growth]
  6325 | D:5      | Reached XP level 8. HP: 30/36 MP: 5/12
  6720 | D:3      | Bought a jewelled dagger for 196 gold pieces
  6720 | D:3      | Identified the +4 dagger of Reucue {venom, Str+4} (You
                  | bought it in a shop on level 3 of the Dungeon)
  6882 | D:5      | Learned a level 3 spell: Tukima's Dance
  6886 | D:5      | Learned a level 3 spell: Dazzling Flash
  6924 | D:6      | Reached skill level 1 in Short Blades
  7031 | D:6      | Noticed Menkaure
  7050 | D:6      | Reached skill level 8 in Stealth
  7230 | D:6      | Found a stormy altar of Qazlal.
  7316 | D:6      | Killed Menkaure
  7351 | D:6      | Found a staircase to the Ecumenical Temple.
  7379 | Temple   | Entered the Ecumenical Temple
  7534 | Temple   | Became a worshipper of the Wu Jian Council
  8054 | D:1      | Bought a potion of might for 48 gold pieces
  8288 | D:7      | Noticed Pikel
  8358 | D:7      | Killed Pikel
  8359 | D:7      | Reached skill level 5 in Short Blades
  8359 | D:7      | Reached skill level 9 in Stealth
  8359 | D:7      | Reached XP level 9. HP: 35/39 MP: 13/13
  8757 | D:7      | Noticed Dowan
  8757 | D:7      | Noticed Duvessa
  8955 | D:7      | Killed Duvessa
  8967 | D:7      | Killed Dowan
  8992 | D:7      | Identified the +5 dagger of Equivalence {venom, *Slow rElec
                  | Int+2 Dex+6}
  9075 | D:7      | Found a blossoming altar of Fedhas.
  9171 | D:7      | Identified the +6 hand axe "Jefidw Rucw" {vorpal, *Rage
                  | rN+++ Will++ Str+4}
  9268 | D:7      | Reached * piety under Wu Jian
  9269 | D:7      | Reached skill level 10 in Stealth
  9475 | D:8      | Found a broken altar of Ashenzari.
  9637 | D:8      | Found a flagged portal.
  9729 | Bailey   | Entered a bailey
  9948 | Bailey   | Reached skill level 11 in Stealth
  9948 | Bailey   | Reached XP level 10. HP: 39/44 MP: 12/14
  9985 | Bailey   | Noticed a vault guard
  9997 | Bailey   | Killed a vault guard
 10056 | Bailey   | Noticed Prince Ribbit
 10058 | Bailey   | Noticed a vault guard
 10081 | Bailey   | Killed Prince Ribbit
 10109 | Bailey   | Killed a vault guard
 10307 | D:8      | Noticed Maggie
 10323 | D:8      | Killed Maggie
 10324 | D:8      | Reached skill level 12 in Stealth
 10340 | D:8      | Reached ** piety under Wu Jian
 10648 | D:8      | Noticed a two-headed ogre
 10662 | D:8      | Killed a two-headed ogre
 10690 | D:8      | Found a basalt altar of Yredelemnul.
 10693 | D:8      | Noticed a profane servitor
 10701 | D:8      | Found a glowing golden altar of the Shining One.
 10704 | D:8      | Noticed an angel
 11157 | D:9      | Reached skill level 10 in Short Blades
 11273 | D:9      | Reached skill level 1 in Fighting
 11474 | D:9      | Reached XP level 11. HP: 50/50 MP: 15/15
 11487 | D:9      | Found a staircase to the Orcish Mines.
 11715 | D:9      | Reached skill level 13 in Stealth
 12085 | D:9      | Found a hide-covered altar of Uskayaw.
 12122 | D:9      | Noticed a two-headed ogre
 12136 | D:9      | Killed a two-headed ogre
 12316 | D:10     | Entered Level 10 of the Dungeon
 12324 | D:10     | Found a snail-covered altar of Cheibriados.
 12349 | D:10     | Found Jexagob's Antique Armour Boutique.
 12541 | D:10     | Reached skill level 5 in Fighting
 12551 | D:10     | Reached *** piety under Wu Jian
 12592 | D:10     | Found a staircase to the Lair.
 12627 | D:10     | Identified the +5 mace "Wepot" {drain, Drain Int+5 SInv}
 12948 | D:5      | Reached skill level 14 in Stealth
 13171 | D:1      | Bought a potion of flight for 36 gold pieces
 13171 | D:1      | Bought a potion of haste for 120 gold pieces
 13536 | D:10     | Found a hazy altar of Hepliaklqana.
 14023 | D:11     | Noticed a manticore
 14042 | D:11     | Killed a manticore
 14182 | D:11     | Noticed a seven-headed hydra
 14189 | D:11     | Killed a seven-headed hydra
 14190 | D:11     | Reached XP level 12. HP: 63/63 MP: 16/16
 14345 | D:11     | Noticed a boulder beetle
 14356 | D:11     | Killed a boulder beetle
 14768 | D:12     | Noticed a two-headed ogre
 14783 | D:12     | Killed a two-headed ogre
 14873 | D:12     | Reached skill level 15 in Stealth
 14967 | D:12     | Mangled by a skeletal warrior

Illustrated notes

Levels and vault maps discovered:
D:1:      matt_arrival_los_fun, layout_rooms, serial_shops, nicolae_shop_stone,
          nicolae_shop_waterfront, shop, minmay_domino_2
D:2:      layout_loops_ring, dreamdust_ecumenical_altar_grove
D:3:      layout_loops_ring, serial_shops, nicolae_shop_overgrown_old_shop
D:4:      layout_cave_pods, nicolae_overflow_hidden_temple,
          gammafunk_ghost_abyssal_escape, serial_glass, glass_columns_c,
          glass_columns_a, moated_statue
D:5:      layout_cave_pods, gup_sewer_entry_pipe,
          chequers_serial_rivers_micro_c, minmay_misc_feat_chi,
          nicolae_elevator_lobby_asterisk
D:6:      layout_cave_pools, mainiacjoe_overflow_surrounded_room,
          minmay_temple_entry_hall, serial_column_ruins,
          column_ruins_circle_medium, column_ruins_open_medium,
          column_ruins_corridor_dead_end, column_ruins_corridor_straight,
          column_ruins_columns_corner, column_ruins_grid_1,
          column_ruins_columns_dead_end, uniq_menkaure
D:7:      layout_loops_ring, mainiacjoe_overflow_tiny_flanked, dk_vineyard_1,
          hangedman_decor_slide_cut, uniq_duvessa, uniq_pikel
D:8:      layout_gridville, grunt_temple_overflow_holy_war,
          evilmike_ruin_ashenzari, enter_bailey_5, minmay_crossroads,
          uniq_maggie
D:9:      layout_cave_pods, nicolae_uskayaw_suspiria, orc_0_dummy
D:10:     layout_roguey, cheibriados_altar_1, mainiacjoe_overflow_brackets,
          minmay_lair_entry_grove, serial_shops, shop, minivault_16
D:11:     layout_rooms, grunt_ministairs_13
D:12:     layout_stronghold, minmay_guarded_unrand_finisher
Temple:   dshaligram_water_room_temple

Skill      XL: |  1  2  3  4  5  6  7  8  9 10 11 12 |
---------------+-------------------------------------+-----
Stealth        | 4 5 6 7 9 11 12 14 15 | 15.0
Hexes          | 4 5 6 7 8 |  8.0
Short Blades   | 5 7 10 | 10.1
Fighting       | 2 7 8 |  8.6
Dodging        | |  1.5
Spellcasting   | |  2.1

Action                   |  1- 3 |  4- 6 |  7- 9 | 10-12 || total
-------------------------+-------+-------+-------+-------++-------
Melee: Dagger            |   126 |    96 |   337 |   442 ||  1001
       Bite              |    26 |    21 |   110 |   190 ||   347
       Mace              |       |       |    26 |       ||    26
       Punch             |       |       |     5 |     8 ||    13
Throw: Dart              |       |    11 |     9 |     8 ||    28
       Javelin           |       |     1 |       |       ||     1
 Cast: Ensorcelled Hiber |    15 |    19 |    29 |       ||    63
       Confusing Touch   |       |     2 |    34 |    71 ||   107
       Tukima's Dance    |       |       |       |     9 ||     9
       Dazzling Flash    |       |       |       |     3 ||     3
Invok: Lunge             |       |       |    27 |    43 ||    70
       Whirlwind         |       |       |     4 |    15 ||    19
 Abil: Wall Jump         |       |       |       |     1 ||     1
  Use: Potion            |       |       |     2 |     2 ||     4
       Scroll            |       |       |       |     4 ||     4
 Stab: Sleeping          |    16 |    27 |    35 |    12 ||    90
       Confused          |       |     2 |    16 |    44 ||    62
       Invisible         |       |       |       |     3 ||     3
Armor: Robe              |    26 |     6 |    36 |     1 ||    69
       Steam dragon scal |       |       |       |    42 ||    42
       Troll leather arm |       |       |       |     1 ||     1
Dodge: Dodged            |    78 |    50 |   201 |   147 ||   476
